 Dungeon Crawl Stone Soup version 0.31-a0-263-ge8cad7f256 (webtiles) character file.

Game seed: 5650820097749413145

955 Newt the Thrower (level 8, 0/49 HPs)
             Began as a Kobold Hunter on July 14, 2023.
             Was an Initiate of Hepliaklqana.
             Slain by a gnoll sergeant
             ... wielding a +2 spear of distortion
              (9 damage)
             ... on level 6 of the Dungeon.
             The game lasted 00:05:09 (6813 turns).

Newt the Thrower (Kobold Hunter)                    Turns: 6813, Time: 00:05:10

Health: 0/49       AC:  8    Str:  8    XL:     8   Next: 36%
Magic:  8/8        EV: 15    Int: 12    God:    Hepliaklqana [......]
Gold:   323        SH:  0    Dex: 27    Spells: 7/7 levels left

rFire   . . .        a - +1 shortbow
rCold   + . .        (shield currently unavailable)
rNeg    + + .        c - +1 leather armour
rPois   .            j - +2 hat
rElec   .            f - +1 cloak {Stlth+}
rCorr   +            (no gloves)
SInv    .            (no boots)
Will    .....        (no amulet)
Stlth   ++++         i - ring "Uhesh" {*Slow rC+ rN++ rCorr Int+2}
HPRegen 0.28/turn    p - +6 ring of dexterity
MPRegen 0.11/turn

%: slow self (1%)
@: no status effects
A: small, no large weapons, nightstalker 3
a: Renounce Religion


You were on level 6 of the Dungeon.
You worshipped Hepliaklqana.
Hepliaklqana was noncommittal.
You visited 2 branches of the dungeon, and saw 7 of its levels.

You collected 323 gold pieces.

Inventory:

Hand Weapons
 a - a +1 shortbow (weapon)
Missiles
 g - a throwing net
Armour
 c - a +1 leather armour (worn)
 f - a +1 cloak of stealth (worn)
 j - a +2 hat (worn)
Jewellery
 i - the ring "Uhesh" (left hand) {*Slow rC+ rN++ rCorr Int+2}
   (You found it on level 3 of the Dungeon)

   [ring of protection from cold]

   Int:       It affects your intelligence (+2).
   rC:        It protects you from cold.
   rN:        It greatly protects you from negative energy.
   rCorr:     It protects you from acid and corrosion.
   *Slow:     It may slow you when you take damage.
 l - a +6 ring of strength
 m - a ring of protection from cold
 o - a ring of see invisible
 p - a +6 ring of dexterity (right hand)
Wands
 k - a wand of charming (12)
Scrolls
 b - a scroll of butterflies
Potions
 d - 6 potions of curing
 e - a potion of heal wounds
 h - a potion of attraction {unknown}
 n - a potion of enlightenment {unknown}


   Skills:
 - Level 5.0 Fighting
 - Level 5.3 Ranged Weapons
 + Level 8.8 Throwing
 - Level 2.4 Dodging
 - Level 1.3 Stealth


You had 7 spell levels left.
You didn't know any spells.
Your spell library contained the following spells:

 Spells                   Type           Power      Damage    Failure   Level
 Inner Flame              Hex/Fire       0%         N/A       82%         3
 Manifold Assault         Tloc           0%         N/A       99%         4
 Yara's Violent Unravell  Hex/Tmut       0%         3d3       100%        5
 Dispersal                Tloc           0%         N/A       100%        6
 Enfeeble                 Hex            0%         N/A       100%        7
 Disjunction              Tloc           0%         N/A       100%        8


Dungeon Overview and Level Annotations

Branches:
Dungeon (6/15)             Temple (1/1) D:4

Altars:
Dithmenos
Fedhas
Gozag
Hepliaklqana
Kikubaaqudgha
Makhleb
Nemelex Xobeh
Okawaru
Qazlal
Sif Muna
Vehumet
Wu Jian
Yredelemnul
Zin
The Shining One


Innate Abilities, Weirdness & Mutations

You are small and have problems with some larger weapons.
You are completely attuned to the shadows.


Message History

The gnoll barely misses you.
You shoot an arrow.
The arrow hits the gnoll but does no damage.
The gnoll is almost dead.
The gnoll hits you but does no damage. The gnoll misses you.
You shoot an arrow. The arrow hits the gnoll.
You kill the gnoll!
You start resting.
HP restored.
You start waiting.
Done waiting.
Search for what [Enter for "."]? .
A gnoll sergeant and a gnoll come into view.
The gnoll sergeant is wielding a +2 spear of distortion.
You shoot an arrow.
The arrow hits the gnoll sergeant but does no damage.
The gnoll sergeant shouts!
You hear a shout! x3
You hear a shout!
A gnoll comes into view. It is wielding a +0 spear.
The gnoll barely misses you.
You shoot an arrow. The arrow hits the gnoll!
You kill the gnoll!
You shoot an arrow.
The arrow hits the gnoll sergeant but does no damage.
The gnoll sergeant hits you from afar with a +2 spear of distortion!
Space warps around you.
You shoot an arrow.
The arrow hits the gnoll sergeant but does no damage.
The gnoll sergeant hits you from afar with a +2 spear of distortion.
You blink.
You shoot an arrow. The arrow hits the gnoll sergeant.
The gnoll sergeant is moderately wounded.
You hear a shout!
The gnoll sergeant hits you from afar with a +2 spear of distortion!
Space warps horribly around you!
* * * LOW HITPOINT WARNING * * *
The gnoll sergeant hits you from afar with a +2 spear of distortion.
* * * LOW HITPOINT WARNING * * *
Space warps horribly around you!
You die...

.##
#......#........
..##
#.....###.....).
#..## #.....#
###..... ##..##
#....## ####..
##..## #...## ###
##..## #...# ##..#
#..##
##.###########.##
#......§.g.@..#
##.#########÷....#
#..# #.....# ##.##
.....## #..#
....... ##.## #.##
##.# #)##


You could see a gnoll sergeant.

Vanquished Creatures
  A sky beast (D:6)
  A bullfrog (D:5)
  Blork the orc (D:5)
  2 scorpions
  Crazy Yiuf (D:5)
  2 orc priests (D:3)
  3 hounds (D:5)
  4 iguanas
  A sleepcap (D:6)
  2 orc wizards
  5 gnolls
  11 adders
  A white imp (D:5)
  3 dart slugs
  11 orcs
  10 endoplasms
  4 giant cockroaches
  7 goblins
  3 hobgoblins (D:3)
  7 jackals
  6 kobolds
  10 ball pythons
  7 bats
  7 rats
110 creatures vanquished.

Notes
Turn   | Place    | Note
-------+----------+-------------------------------------------
     0 | D:1      | Newt the Kobold Hunter began the quest for the Orb.
     0 | D:1      | Reached XP level 1. HP: 12/12 MP: 1/1
   188 | D:1      | Reached XP level 2. HP: 18/18 MP: 2/2
   314 | D:1      | Reached XP level 3. HP: 16/23 MP: 3/3
  1236 | D:2      | Reached XP level 4. HP: 30/30 MP: 4/4
  1610 | D:2      | Reached skill level 5 in Fighting
  1612 | D:2      | Reached skill level 1 in Throwing
  1618 | D:2      | Reached XP level 5. HP: 18/35 MP: 5/5
  1755 | D:2      | You fall into a shaft and drop 2 floors!
  1762 | D:4      | Reached skill level 2 in Throwing
  1802 | D:4      | Found a staircase to the Ecumenical Temple.
  1811 | Temple   | Entered the Ecumenical Temple
  2685 | D:3      | Reached skill level 3 in Throwing
  2701 | D:3      | Identified the ring "Uhesh" {*Slow rC+ rN++ rCorr Int+2}
  2745 | D:3      | Found a stormy altar of Qazlal.
  2747 | D:3      | Found an ornate altar of the Wu Jian Council.
  2798 | D:3      | Found a burning altar of Makhleb.
  2882 | D:3      | Reached XP level 6. HP: 12/40 MP: 6/6
  3069 | D:3      | Reached skill level 4 in Throwing
  3135 | D:3      | Found a shadowy altar of Dithmenos.
  4021 | D:4      | Reached skill level 5 in Throwing
  4288 | D:4      | Reached XP level 7. HP: 35/44 MP: 7/7
  4719 | D:5      | Entered Level 5 of the Dungeon
  4764 | D:5      | Found a faded altar of an unknown god.
  4767 | D:5      | Found a faded altar of an unknown god.
  4773 | D:5      | Found a hazy altar of Hepliaklqana.
  4838 | D:5      | Became a worshipper of Hepliaklqana the Forgotten
  4873 | D:5      | Noticed Blork the orc
  4877 | D:5      | Reached skill level 6 in Throwing
  4885 | D:5      | Killed Blork the orc
  5153 | D:5      | Found a sparkling altar of Nemelex Xobeh.
  5407 | D:5      | Reached skill level 7 in Throwing
  5487 | D:5      | Found a runed translucent door.
  5490 | D:5      | Noticed Crazy Yiuf
  5842 | D:5      | Killed Crazy Yiuf
  6044 | D:6      | Reached XP level 8. HP: 23/49 MP: 8/8
  6286 | D:6      | Reached skill level 8 in Throwing
  6813 | D:6      | Slain by a gnoll sergeant

Illustrated notes

Levels and vault maps discovered:
D:1:      giann_horns, layout_loops_corners, chequers_serial_rivers_small_b
D:2:      layout_loops_cross
D:3:      layout_basic, grunt_temple_overflow_open, lemuel_round_altar
D:4:      layout_gridville, minmay_temple_entry_large_hall
D:5:      layout_loops_ring, nicolae_hepliaklqana_ecumenical_no_more,
          mainiacjoe_overflow_six_doors_small, uniq_blork_the_orc,
          uniq_crazy_yiuf_cottage
D:6:      layout_cave_pods, nicolae_uskayaw_dance_studio,
          amcnicky_mini_pool_small
Temple:   chequers_temple_sunken

Skill      XL: |  1  2  3  4  5  6  7  8 |
---------------+-------------------------+-----
Fighting       | 3 4 5 |  5.0
Throwing       | 1 3 5 7 8 |  8.8
Ranged Weapons | |  5.3
Dodging        | |  2.4
Stealth        | |  1.3

Action                     |  1- 3 |  4- 6 |  7- 9 || total
---------------------------+-------+-------+-------++-------
   Fire: Shortbow          |    78 |   165 |   146 ||   389
    Use: Scroll            |     3 |     8 |     2 ||    13
         Potion            |       |     2 |     1 ||     3
 Armour: Leather armour    |    16 |    25 |    31 ||    72
  Dodge: Dodged            |    37 |    64 |    74 ||   175

Table legend: (Time is in decaauts)
 A = Elapsed time spent in this place.
 B = Non-inter-level travel time spent in this place.
 C = Inter-level travel time spent in this place.
 D = Time resting spent in this place.
 E = Time spent auto-exploring this place.
 F = Levels seen in this place.
 G = Mean time per level.
                   A        B        C        D        E       F      G
               +--------+--------+--------+--------+--------+-----+--------+
         Total |   6924 |   6705 |    219 |   1305 |   4655 |   7 |  989.1 |
       Dungeon |   6613 |   6426 |    187 |   1305 |   4384 |   6 | 1102.2 |
        Temple |    310 |    278 |     32 |      0 |    270 |   1 |  310.0 |
               +--------+--------+--------+--------+--------+-----+--------+

Top non-repeatable levels by time:
     D:3: 1339 daAuts
     D:5: 1198 daAuts
     D:4: 1177 daAuts
     D:1: 1093 daAuts
     D:2: 903 daAuts
     D:6: 901 daAuts
  Temple: 310 daAuts
